 Dungeon Crawl Stone Soup version 0.23-a0-321-g6bcb69f (webtiles) character file.

20149 iamserjio the Geomancer (level 12, -14/66 HPs)
             Began as a Deep Elf Earth Elementalist on Oct 15, 2018.
             Was a High Priest of Vehumet.
             Killed from afar by Josephine (18 damage)
             ... with a ghostly fireball
             ... on level 11 of the Dungeon.
             The game lasted 00:34:59 (11878 turns).

iamserjio the Geomancer (DEEE)                     Turns: 11878, Time: 00:34:59

Health: -14/66     AC: 11    Str:  5    XL:     12   Next: 42%
Magic:  39/40      EV: 18    Int: 30    God:    Vehumet [*****.]
Gold:   842        SH:  0    Dex: 15    Spells: 14/37 levels left

rFire    + . .     SeeInvis .   Y - staff of earth
rCold    + . .     Gourm    .   (no shield)
rNeg     . . .     Faith    .   y - +2 robe {rF+}
rPois    .         Spirit   .   E - +0 helmet
rElec    .         Reflect  .   q - +2 cloak {rC+}
rCorr    .         Harm     .   (no gloves)
MR       +....                  Z - +2 pair of boots
Stlth    ++........             x - amulet of magic regeneration
HPRegen  0.21/turn              l - +4 ring of intelligence
MPRegen  0.52/turn              p - ring of magical power

@: lethally poisoned (-14 -> -16), slowed, heavily drained, very slow
A: no striking features
a: Renounce Religion


You were on level 11 of the Dungeon.
You worshipped Vehumet.
Vehumet was extremely pleased with you.
You were hungry.

You visited 1 branch of the dungeon, and saw 12 of its levels.
You also visited: Ice Cave.

You collected 842 gold pieces.

Inventory:

Hand Weapons
 g - a +2 short sword of electrocution
 v - a +4 quarterstaff of chaos
 H - a +0 lajatang
 P - the +8 demon blade "Leech" {vamp, rN+ AC-3 EV-3}
   (You found it on level 7 of the Dungeon)

   It inflicts no extra harm, but heals its wielder when it wounds a living foe.
   It affects your AC (-3).
   It affects your evasion (-3).
   It protects you from negative energy.
Missiles
 b - 72 stones (quivered)
 s - 335 arrows
Armour
 q - a +2 cloak of cold resistance (worn)
 y - a +2 robe of fire resistance (worn)
 E - a +0 helmet (worn)
 F - a +0 buckler
 Z - a +2 pair of boots (worn)
Magical Staves
 Y - an uncursed staff of earth (weapon)
Jewellery
 l - a +4 ring of intelligence (left hand)
 p - a ring of magical power (right hand)
 w - a +5 ring of intelligence
 x - an amulet of magic regeneration (around neck)
 G - an uncursed ring of poison resistance
Wands
 D - a wand of polymorph (23)
 J - a wand of scattershot (7)
 L - a wand of flame (37)
 Q - a wand of acid (9)
 R - a wand of iceblast (47)
Scrolls
 a - 3 scrolls of amnesia
 c - a scroll of fear {unknown}
 e - 5 scrolls of remove curse {@r2}
 f - a scroll of fog {unknown}
 m - 3 scrolls of enchant weapon
 A - a scroll of enchant armour {unknown}
 I - 6 scrolls of teleportation
 O - 2 scrolls of immolation {unknown}
 S - 2 scrolls of blinking {unknown}
 X - a scroll of holy word {unknown}
Potions
 h - 9 potions of curing {@q1}
 i - 2 potions of haste {unknown}
 j - 2 potions of mutation {unknown}
 k - 2 potions of might
 n - 2 potions of ambrosia
 o - 3 potions of lignification
 r - 3 potions of berserk rage
 u - 6 potions of flight
 z - 3 potions of agility
 B - 6 potions of heal wounds {unknown}
 C - a potion of magic {unknown}
 K - a potion of degeneration {unknown}
 M - 2 potions of cancellation {unknown}
 N - a potion of brilliance {unknown}
 T - a potion of invisibility {unknown}
 W - a potion of resistance {unknown}
Comestibles
 d - 22 rations


   Skills:
 - Level 4.0(2.3) Fighting
 + Level 11.4(9.4) Dodging
 - Level 2.4(0.8) Stealth
 + Level 13.2(11.0) Spellcasting
 + Level 7.3(5.4) Conjurations
 - Level 2.0(0.4) Charms
 - Level 1.0(0.0) Summonings
 - Level 1.1(0.0) Transmutations
 + Level 13.8(11.6) Earth Magic
 - Level 2.0(0.4) Evocations


You had 14 spell levels left.
You knew the following spells:

 Your Spells              Type           Power        Failure   Level  Hunger
a - Sandblast             Erth           ######       1%          1    None
b - Stone Arrow           Conj/Erth      ######       1%          3    None
c - Lee's Rapid Deconstr  Erth           #######...   1%          5    ###....
d - Passwall              Tmut/Erth      ######..     1%          2    None
e - Iskenderun's Battles  Conj/Chrm      ####....     7%          5    ###....
f - Summon Butterflies    Summ           ###.....     3%          1    None
g - Iron Shot             Conj/Erth      #######...   4%          6    #####..

Your spell library contained the following spells:

 Spells                   Type           Power        Failure   Level  Hunger
 Magic Dart               Conj           ####         1%          1    None
 Searing Ray              Conj           #####.       1%          2    None
 Dazzling Spray           Conj/Hex       ####..       1%          3    None
 Iskenderun's Mystic Bla  Conj           #####...     1%          4    None
 Force Lance              Conj/Tloc      ####....     2%          4    None
 Fulminant Prism          Conj/Hex       ####......   2%          4    None
 Petrify                  Tmut/Erth      ######..     2%          4    None
 Apportation              Tloc           ###...       3%          1    None
 Lesser Beckoning         Tloc           ###.......   10%         3    None
 Tukima's Dance           Hex            ###.....     10%         3    None
 Alistair's Intoxication  Tmut/Pois      ###.....     65%         5    ###....
 Invisibility             Hex            ###.....     99%         6    #####..


Dungeon Overview and Level Annotations

Branches:
Dungeon (12/15)            Temple (0/1) D:6            Lair (0/6) D:8
    Orc: D:9-12

Altars:
Cheibriados
Elyvilon
Nemelex Xobeh
Okawaru
Trog
Vehumet
Wu Jian
Xom
Yredelemnul
The Shining One

Shops:
D:7 [   D:8 (

Annotations:
D:3 2 transporters, kirsanium's ghost, amateur OpTm
D:11 3 runed doors, Josephine; MisterFreud's ghost, novice KoAr


Message History

The ghostly flame explodes!
The ghostly fireball engulfs you!
You feel drained.
* * * LOW HITPOINT WARNING * * *
The ghostly fireball engulfs Josephine.
Josephine completely resists.
The ghostly fireball engulfs the wraith.
The wraith completely resists.
The ghostly fireball engulfs the wraith.
The wraith completely resists.
You begin to meditate on the wall.
You continue meditating on the rock.
The wraith hits you!
* * * LOW HITPOINT WARNING * * *
The wraith drains your vigour!
You feel yourself slow down. The wraith closely misses you.
Josephine hits you with a +0 dagger of venom.
* * * LOW HITPOINT WARNING * * *
You are poisoned.
You continue meditating on the rock.
You feel sick. The wraith misses you. The wraith hits you but does no damage.
Josephine gestures at you while chanting.
The ghostly flame explodes!
The ghostly fireball engulfs you!
You feel drained.
You die...

#....#......#
#....####'############
#...###...............
#...# #.#.############
#...# #.#.....##......
###'####.#####.##.#####
#....#.................
#....#W#####[#.##......
#....@@WW).............
#....#####.#.#....#.#..
#....#....)#.####.#.#..
#....#.#####.# #.#.###
#....#.....#.####.#.#
#....####.........#.#
#....## #...#######.#
##....# #...# #.#
#....# ##.## #.#


You could see Josephine and 3 wraiths.

Vanquished Creatures
  A frost giant (IceCv)
  Erolcha (D:10)
  2 two-headed ogres
  An ugly thing (D:10)
  2 cyclopes (D:11)
  An elephant (D:8)
  Psyche (D:11)
  An ice statue (IceCv)
  2 trolls (D:11)
  14 polar bears (IceCv)
  3 hippogriffs
  16 yaks
  4 fire bats (D:9)
  A hungry ghost (D:9)
  A basilisk (D:8)
  A hell hound (D:9)
  An acid dragon (D:11)
  4 orc warriors
  A sky beast (D:9)
  3 ice beasts
  2 eyes of draining (D:10)
  6 phantoms
  9 wolves (IceCv)
  8 ogres
  10 centaurs
  2 crocodiles
  9 bullfrogs
  A wyvern zombie (D:11)
  A gnoll sergeant (D:9)
  A wyvern skeleton (D:11)
  2 scorpions
  24 killer bees
  2 howler monkeys
  2 lava snakes (D:9)
  3 crimson imps
  A bullfrog zombie (D:8)
  A quasit (D:10)
  2 centaur zombies
  6 jellies
  5 orc priests
  2 centaur skeletons
  3 hounds
  Crazy Yiuf (D:3)
  A bullfrog skeleton (D:7)
  11 orc wizards
  5 iguanas
  5 worker ants
  3 hound skeletons
  A howler monkey zombie (D:6)
  A worker ant zombie (D:8)
  4 gnolls (D:9)
  11 adders
  2 shadow imps
  7 oozes
  2 worms
  A dart slug (D:1)
  2 leopard geckos
  29 orcs
  2 ball pythons
  2 giant cockroaches (D:1)
  9 goblins
  9 hobgoblins
  8 jackals
  3 quokkas
  7 bats
  2 frilled lizards (D:2)
  A jackal skeleton (D:7)
  A jackal zombie (D:6)
  7 kobolds
  6 rats
  3 fire vortices (D:9)
309 creatures vanquished.

Vanquished Creatures (others)
  A plant (D:8)
1 creature vanquished.

Grand Total: 310 creatures vanquished

Notes
Turn   | Place    | Note
-------+----------+-------------------------------------------
     0 | D:1      | iamserjio the Deep Elf Earth Elementalist began the quest
                  | for the Orb.
     0 | D:1      | Reached XP level 1. HP: 10/10 MP: 6/6
   120 | D:1      | Reached XP level 2. HP: 15/15 MP: 2/8
   659 | D:2      | Reached XP level 3. HP: 18/19 MP: 10/10
   666 | D:2      | Found a shimmering altar of Xom.
   670 | D:2      | Found a shimmering altar of Xom.
   673 | D:2      | Found a shimmering altar of Xom.
   673 | D:2      | Found a shimmering altar of Xom.
   713 | D:2      | Found a radiant altar of Vehumet.
   728 | D:2      | Became a worshipper of Vehumet
  1038 | D:2      | Learned a level 3 spell: Stone Arrow
  1076 | D:2      | Reached XP level 4. HP: 24/24 MP: 7/12
  1258 | D:2      | Found a bloodstained altar of Trog.
  1525 | D:3      | Found a transporter.
  1529 | D:3      | Noticed kirsanium's ghost (amateur OpTm)
  1656 | D:3      | Reached * piety under Vehumet
  1656 | D:3      | Offered knowledge of Flame Tongue by Vehumet.
  1716 | D:3      | Found a runed door.
  1720 | D:3      | Noticed Crazy Yiuf
  1724 | D:3      | Killed Crazy Yiuf
  1724 | D:3      | Reached XP level 5. HP: 28/28 MP: 14/14
  1807 | D:3      | Reached skill level 1 in Conjurations
  1824 | D:3      | Reached skill level 5 in Spellcasting
  1824 | D:3      | Reached skill level 5 in Earth Magic
  1838 | D:3      | Reached XP level 6. HP: 24/32 MP: 15/16
  1953 | D:3      | Found a snail-covered altar of Cheibriados.
  2064 | D:3      | Found a transporter.
  2528 | D:3      | Learned a level 5 spell: Lee's Rapid Deconstruction
  2825 | D:4      | Reached XP level 7. HP: 36/36 MP: 18/18
  3231 | D:5      | Entered Level 5 of the Dungeon
  3265 | D:5      | Found a basalt altar of Yredelemnul.
  3337 | D:5      | Found a glowing golden altar of the Shining One.
  3716 | D:5      | Found a white marble altar of Elyvilon.
  3811 | D:6      | Reached skill level 5 in Dodging
  3839 | D:6      | Offered knowledge of Magic Dart by Vehumet.
  3839 | D:6      | Reached XP level 8. HP: 22/41 MP: 21/21
  3852 | D:6      | Found a staircase to the Ecumenical Temple.
  3857 | D:6      | Reached ** piety under Vehumet
  4648 | D:6      | Learned a level 2 spell: Passwall
  4708 | D:7      | Reached skill level 1 in Fighting
  4937 | D:7      | Found Heig's Antique Armour Emporium.
  5025 | D:7      | Found an iron altar of Okawaru.
  5176 | D:7      | Reached XP level 9. HP: 48/48 MP: 11/24
  5319 | D:7      | Found the +8 demon blade "Leech" {vamp, rN+ AC-3 EV-3}
  5629 | D:8      | Offered knowledge of Throw Flame by Vehumet.
  5630 | D:8      | Found a staircase to the Lair.
  5631 | D:8      | Noticed an elephant
  5654 | D:8      | Killed an elephant
  5999 | D:8      | Reached *** piety under Vehumet
  6013 | D:8      | Found Nacsek's Antique Weapon Shoppe.
  6095 | D:8      | Reached skill level 10 in Spellcasting
  6096 | D:8      | Reached skill level 10 in Earth Magic
  6096 | D:8      | Reached skill level 1 in Evocations
  6388 | D:8      | Found an ornate altar of the Wu Jian Council.
  6819 | D:9      | Found a sparkling altar of Nemelex Xobeh.
  6937 | D:9      | Reached XP level 10. HP: 53/53 MP: 25/26
  7171 | D:9      | Offered knowledge of Olgreb's Toxic Radiance by Vehumet.
  7719 | D:9      | Reached **** piety under Vehumet
  8091 | D:10     | Entered Level 10 of the Dungeon
  8106 | D:10     | Offered knowledge of Iskenderun's Battlesphere by Vehumet.
  8203 | D:10     | Learned a level 5 spell: Iskenderun's Battlesphere
  8336 | D:10     | Noticed a two-headed ogre
  8345 | D:10     | Killed a two-headed ogre
  8516 | D:10     | Noticed a purple ugly thing
  8520 | D:10     | Killed a purple ugly thing
  8520 | D:10     | Reached XP level 11. HP: 60/60 MP: 28/28
  8555 | D:10     | Noticed Erolcha
  8558 | D:10     | Killed Erolcha
  8558 | D:10     | Reached skill level 5 in Conjurations
  9432 | D:10     | Learned a level 1 spell: Summon Butterflies
  9448 | D:11     | Noticed a two-headed ogre
  9453 | D:11     | Killed a two-headed ogre
  9489 | D:11     | Found a runed gate.
  9489 | D:11     | Found a frozen archway.
  9489 | D:11     | Found a runed gate.
  9489 | D:11     | Found a runed gate.
  9497 | IceCv    | Entered an ice cave
  9501 | IceCv    | Reached skill level 1 in Summonings
  9799 | IceCv    | Reached skill level 10 in Dodging
  9875 | IceCv    | Reached ***** piety under Vehumet
  9875 | IceCv    | Offered knowledge of Iron Shot by Vehumet.
  9883 | IceCv    | Learned a level 6 spell: Iron Shot
 10214 | IceCv    | Noticed a frost giant
 10382 | IceCv    | Killed a frost giant
 10382 | IceCv    | Reached XP level 12. HP: 66/66 MP: 19/30
 10424 | IceCv    | Found the cursed +13 scythe of Curses {drain, *Curse}
 10552 | D:11     | Noticed MisterFreud's ghost (novice KoAr)
 10748 | D:11     | Noticed Psyche
 10751 | D:11     | Killed Psyche
 11873 | D:12     | Noticed Josephine
 11878 | D:11     | Killed from afar by Josephine

Vault maps used:
D:1:      dpeg_arrival_snail
D:2:      minmay_wonky_spiral, lemuel_crystal_altar, xom_redecorated,
          lemuel_coloured_pillars_altar, kennysheep_generic_room_15
D:3:      lemuel_round_altar, gammafunk_ghost_stat_death,
          uniq_crazy_yiuf_cottage
D:5:      kennysheep_ying_yang, lemuel_doored_altar, first_ration
D:6:      minmay_temple_entry_glass, st_stairs_6
D:7:      okawaru_ov_weapons_minmay, serial_shops, shop
D:8:      lemuel_round_altar, david_lair_generic, serial_shops,
          nicolae_shop_overgrown_old_shop
D:9:      kennysheep_little_box, hangedman_little_slice_of_home,
          hangedman_incinerator
D:10:     uniq_erolcha
D:11:     portal_ice_cave_entry_pillars_1, ebering_ghost_rock_garden,
          billiards_dpeg, uniq_psyche
D:12:     orc_0_dummy, basic_altar, kennysheep_diamond, uniq_rupert,
          uniq_josephine
IceCv:    ice_cave_small_giant

Skill      XL: |  1  2  3  4  5  6  7  8  9 10 11 12 |
---------------+-------------------------------------+-----
Spellcasting   | 4 5 6 7 9 10 11 12 13 | 13.2
Earth Magic    | 4 5 6 8 10 12 13 | 13.8
Dodging        | 3 4 5 6 7 9 10 11 | 11.4
Conjurations   | 1 2 3 4 6 7 |  7.3
Fighting       | 1 2 3 4 |  4.0
Evocations     | 2 |  2.0
Charms         | 2 |  2.0
Summonings     | 1 |  1.0
Stealth        | |  2.4
Transmutations | |  1.1

Action                   |  1- 3 |  4- 6 |  7- 9 | 10-12 || total
-------------------------+-------+-------+-------+-------++-------
Melee: Dagger            |    26 |    26 |    13 |     2 ||    67
       Staff             |       |       |       |     1 ||     1
 Cast: Sandblast         |    42 |    32 |    49 |    72 ||   195
       Stone Arrow       |     1 |    21 |    83 |    89 ||   194
       Lee's Rapid Decon |       |       |    11 |    92 ||   103
       Passwall          |       |       |       |     2 ||     2
  Use: Scroll            |       |     1 |     7 |     5 ||    13
 Stab: Sleeping          |     3 |     5 |       |       ||     8
  Eat: Chunk             |       |     6 |    14 |    19 ||    39
Armor: Robe              |     6 |    11 |     7 |     8 ||    32
       Leather armour    |       |       |       |    13 ||    13
Dodge: Dodged            |    30 |    20 |    40 |    79 ||   169

Table legend:
 A = Non-vault XP
 B = Vault XP
 C = Vault XP percentage of total XP
 D = Non-vault monster count
 E = Vault monster count
 F = Vault count percentage of total count
                 A         B        C        D         E       F
            +---------+---------+-------+---------+---------+-------
      Total |   15076 |   13709 |  47.6 |     242 |      64 |  20.9
            +---------+---------+-------+---------+---------+-------
        D:1 |      37 |       0 |   0.0 |      21 |       0 |   0.0
        D:2 |      76 |      18 |  19.1 |      22 |       3 |  12.0
        D:3 |     252 |      39 |  13.4 |      21 |       1 |   4.5
        D:4 |     439 |       0 |   0.0 |      10 |       0 |   0.0
        D:5 |     428 |       0 |   0.0 |       5 |       0 |   0.0
        D:6 |     565 |       0 |   0.0 |      19 |       0 |   0.0
        D:7 |     990 |       0 |   0.0 |      24 |       0 |   0.0
        D:8 |    1048 |    1019 |  49.3 |      20 |       4 |  16.7
        D:9 |    1792 |    1192 |  39.9 |      33 |      15 |  31.2
       D:10 |    4086 |    1027 |  20.1 |      35 |       1 |   2.8
       D:11 |    5363 |     826 |  13.3 |      32 |       4 |  11.1
      IceCv |       0 |    9588 | 100.0 |       0 |      36 | 100.0
            +---------+---------+-------+---------+---------+-------
